AoeStats
← Bear Man

Northern Isles

510402216Analyzed
1v1 RM · 2d ago on Sep 30, 2026· 20m 50s· 2 players
Game mode
Random Map
Map size
Tiny (2 player)
Population
200
Speed
Normal
Resources
Standard
Victory
Conquest
Starting age
Dark Age
Ending age
Imperial Age
RankedLock teamsTeams togetherTeam positionsShared explorationLock speedFull tech treeHidden civsTurbo modeCheats
Victory
Defeat
🇬🇧 Varangians · United Kingdom
1055
+18
🇺🇸 Vikings · United States
1089
-18
IBM
11:42 Feudal Age
10:37 Loom
13:07 Wheelbarrow
13:03 Double-Bit Axe
13:51 Fishing Lines
16:51 Castle Age
15:30 Arson
15:50 Scale Mail Armor
16:18 Town Watch
17:41 Forging
17:24 Gambesons
18:09 Fletching
Bear Man
2:37 Loom
10:41 Feudal Age
11:25 Double-Bit Axe
11:25 Fishing Lines
12:49 Town Watch
17:56 Castle Age
16:18 Gold Mining
16:25 Stone Mining
19:20 Gillnets
Connection lost

Rejoining the realm…

Still unreachable

The connection could not be restored.

Session expired

The server has moved on; the page needs a fresh start.